Map: Dämmertürme

Players

twnt

  • Race: Zerg Zerg
  • League: Gold

NoN - Winner!

  • Race: Zerg Zerg
  • League: Diamond

Event: Gauntlet LotV Series 1 Qualifier 2

VOD

Have the link to the VOD?

Description

Time

  • Played on: Dec. 5, 2015, 1:41 p.m.
  • Length: 6:00

All games in this series

Show
View Real Time Build Order
Export as new Build Order

twnt Zerg 

Build Orders: Pool First 

Get SALT Encoding   

  12  0:01  Drone  
  13  0:07  Drone  
  14  0:17  Overlord  
  14  0:22  Extractor  
  14  0:24  Drone  
  15  0:36  Drone x2  
  17  0:45  Drone  
  18  0:56  Drone, Spawning Pool  
  18  1:09  Drone  
  19  1:18  Drone  
  20  1:21  Hatchery, Extractor  
  18  1:27  Drone  
  19  1:38  Overlord  
  19  1:45  Queen  
  21  1:50  Zergling x2  
  22  1:59  Drone  
  22  2:00  Evolution Chamber  
  22  2:11  Zergling x2  
  23  2:18  Roach Warren  
  22  2:32  Extractor  
  22  2:34  Drone x2  
  23  2:55  Spine Crawler  
  23  2:57  Drone x2  
  23  2:58  Drone  
  25  3:00  Roach  
  25  3:01  Overlord  
  27  3:06  Zergling x2  
  28  3:20  Roach  
  28  3:21  Roach  
  28  3:23  Ravager  
  33  3:27  Roach  
  33  3:28  Overlord  
  33  3:31  Drone  
  35  3:49  Zergling x6  
  38  4:01  Roach x3  
  38  4:02  Overlord  
  44  4:09  Overlord  
  44  4:17  Metabolic Boost  
  44  4:23  Drone x2  
  46  4:28  Roach  
  48  4:38  Roach  
  50  4:39  Roach  
  50  4:43  Ravager x2  
  50  4:45  Ravager  
  55  4:49  Zergling x2  
  55  4:50  Zergling x2  
  57  4:54  Drone  
  26  5:22  Zergling x8  
  26  5:23  Zergling x4  
  26  5:25  Zergling x6  
Show
View Real Time Build Order
Export as new Build Order

NoN Zerg - Winner!

Build Orders: Hatch First 

Get SALT Encoding   

  12  0:01  Drone  
  13  0:14  Overlord  
  13  0:18  Drone  
  14  0:32  Drone  
  14  0:33  Drone  
  16  0:37  Drone  
  17  0:53  Hatchery  
  17  0:55  Drone  
  17  1:01  Drone  
  17  1:03  Extractor  
  17  1:15  Spawning Pool  
  17  1:17  Drone  
  17  1:23  Drone  
  18  1:30  Drone  
  19  1:41  Overlord  
  19  2:02  Queen  
  19  2:05  Queen  
  19  2:07  Zergling x4  
  19  2:08  Metabolic Boost  
  25  2:14  Drone x2  
  27  2:22  Drone  
  28  2:38  Drone x2  
  30  2:47  Drone x3  
  30  2:51  Drone  
  34  2:56  Roach Warren  
  33  3:09  Drone  
  33  3:10  Extractor  
  33  3:11  Drone x3  
  36  3:15  Overlord x3  
  36  3:16  Overlord  
  36  3:37  Roach  
  36  3:38  Roach x4  
  46  3:45  Roach  
  48  3:52  Roach x4  
  56  4:01  Overlord  
  56  4:06  Ravager x2  
  56  4:07  Zergling x2  
  56  4:08  Zergling x4  
  61  4:16  Zergling x4  
  63  4:22  Ravager  
  64  4:27  Zergling x12  
  64  4:28  Zergling x4  
  72  4:35  Ravager  
  73  4:40  Overlord  
  73  4:42  Zergling x2  
  74  4:49  Zergling x2  
  74  4:50  Zergling x2  
  74  4:52  Lair  
  76  4:59  Overlord  
  68  5:09  Zergling x2  
  68  5:10  Zergling x12  
  60  5:22  Zergling x4  
  62  5:31  Ravager  
  62  5:32  Ravager  
  62  5:33  Ravager  
  63  5:40  Hatchery  
  63  5:42  Drone x4  
Tags
 
Add a new tag
Caveats
  • Supply blocks, unpowered buildings, or Contaminate may cause inaccurate times.
  • Supply counts are checked every 10 seconds.